 Dungeon Crawl Stone Soup version 0.30-a0-845-g7c6808c8ce (webtiles) character file.

Game seed: 9836380184951199651

88 cforsyth the Sneak (level 4, -2/28 HPs)
             Began as a Kobold Brigand on Mar 3, 2023.
             Frozen to death by an endoplasm (4 damage)
             ... on level 2 of the Dungeon.
             The game lasted 00:01:32 (1565 turns).

cforsyth the Sneak (Kobold Brigand)                 Turns: 1565, Time: 00:01:33

Health: -2/28      AC:  3    Str:  8    XL:     4   Next: 82%
Magic:  4/4        EV: 15    Int: 12    God:
Gold:   131        SH:  0    Dex: 18    Spells: 3/3 levels left

rFire   . . .      SeeInvis .    a - +2 dagger
rCold   . . .      Faith    .    (no shield)
rNeg    . . .      Spirit   .    b - +0 robe
rPois   .          Reflect  .    (no helmet)
rElec   .          Rampage  .    c - +0 cloak
rCorr   .                        (no gloves)
Will    .....                    (no boots)
Stlth   ++++                     (no amulet)
HPRegen 0.24/turn                (no ring)
MPRegen 0.09/turn                (no ring)

@: lethally poisoned (-2 -> -8)
A: small, no large weapons, nightstalker 3
a: no special abilities


You were on level 2 of the Dungeon.
You visited 1 branch of the dungeon, and saw 2 of its levels.

You collected 131 gold pieces.

Inventory:

Hand Weapons
 a - a +2 dagger (weapon)
Missiles
 d - 15 poisoned darts (quivered)
 e - 3 curare-tipped darts
Armour
 b - a +0 robe (worn)
 c - a +0 cloak (worn)
Jewellery
 f - a +4 ring of protection
Scrolls
 g - 3 scrolls of fear {unknown}
 h - 2 scrolls of enchant armour {unknown}
 j - a scroll of noise {unknown}
 n - 3 scrolls of teleportation {unknown}
 q - a scroll of butterflies {unknown}
 r - a scroll of fog {unknown}
 t - a scroll of vulnerability {unknown}
Potions
 i - a potion of flight {unknown}
 k - a potion of might {unknown}
 l - 2 potions of degeneration {unknown}
 m - a potion of haste {unknown}
 o - a potion of lignification {unknown}
 p - a potion of curing {unknown}
 s - a potion of heal wounds {unknown}


   Skills:
 + Level 3.0 Fighting
 + Level 3.8 Short Blades
 - Level 2.1 Throwing
 + Level 2.7 Dodging
 + Level 6.1 Stealth


You had 3 spell levels left.
You didn't know any spells.
Your spell library contained the following spells:

 Spells                   Type           Power      Damage    Failure   Level
 Summon Forest            Summ/Tloc      0%         N/A       100%        5
 Summon Mana Viper        Hex/Summ       0%         N/A       100%        5
 Summon Cactus Giant      Summ           0%         N/A       100%        6


Dungeon Overview and Level Annotations

Branches:
Dungeon (2/15)

Altars:
Makhleb

Shops:
D:2 [


Innate Abilities, Weirdness & Mutations

You are small and have problems with some larger weapons.
You are completely attuned to the shadows.


Message History

You feel sick. The adder misses you. The adder bites you.
You are more poisoned.
The adder poisons you!
You hit the adder.
The adder is severely wounded.
You feel sick. The adder barely misses you. The rat completely misses you.
The endoplasm closely misses you. The adder misses you.
You hit the adder.
You kill the adder!
You feel sick. The rat closely misses you. The endoplasm freezes you.
You are frozen.
The adder misses you.
You are too injured to fight recklessly!
You are too injured to fight recklessly!
You are too injured to fight recklessly!
You are too injured to fight recklessly!
You are too injured to fight recklessly!
You are too injured to fight recklessly!
You are too injured to fight recklessly!
You are too injured to fight recklessly!
You are too injured to fight recklessly!
You are too injured to fight recklessly!
You barely miss the adder.
You feel sick. The rat bites you but does no damage. The endoplasm freezes you.
You are frozen.
The adder bites you.
* * * LOW HITPOINT WARNING * * *
You hit the adder.
The adder is lightly wounded.
You feel sick. The adder bites you.
* * * LOW HITPOINT WARNING * * *
You are more poisoned.
The adder poisons you! The endoplasm closely misses you.
The rat barely misses you.
You barely miss the adder.
The adder is lightly wounded.
* * * LOW HITPOINT WARNING * * *
You feel sick. The adder misses you. The endoplasm freezes you.
You are frozen.
You die...

............#.#
...........##.#
..........##..#
...........#.#######
...................#
..#................##
#.##................#
#.##................#
#..............†@...#
#.##...........SrJ..#
..##................#
..##................#
.......†...........##
....#.......
..<...#.#### #####
..#.....#### #...#
..##.......###.(.#


You could see an adder, an endoplasm and a rat.

Vanquished Creatures
  5 adders (D:2)
  A worm (D:2)
  A dart slug (D:1)
  5 endoplasms (D:1)
  4 giant cockroaches
  2 goblins (D:1)
  3 hobgoblins
  3 jackals (D:1)
  3 quokkas
  6 ball pythons
  4 frilled lizards (D:1)
  A rat (D:2)
38 creatures vanquished.

Notes
Turn   | Place    | Note
-------+----------+-------------------------------------------
     0 | D:1      | cforsyth the Kobold Brigand began the quest for the Orb.
     0 | D:1      | Reached XP level 1. HP: 12/12 MP: 1/1
   140 | D:1      | Reached XP level 2. HP: 8/18 MP: 2/2
   496 | D:1      | Reached XP level 3. HP: 22/22 MP: 3/3
   977 | D:2      | Reached XP level 4. HP: 27/27 MP: 4/4
  1005 | D:2      | Found a faded altar of an unknown god.
  1098 | D:2      | Reached skill level 6 in Stealth
  1268 | D:2      | Found a burning altar of Makhleb.
  1294 | D:2      | Found Ohuafeatt's Antique Armour Shoppe.
  1565 | D:2      | Frozen to death by an endoplasm

Illustrated notes

Levels and vault maps discovered:
D:1:      lightli_arrival_flooded_house, layout_loops_ring, minmay_pentomino_v4
D:2:      layout_rooms, basic_altar, serial_shops, nicolae_shop_behind_doors,
          shapermc_ecumenical_altar_mp_highgroup

Skill      XL: |  1  2  3  4 |
---------------+-------------+-----
Short Blades   | 3 |  3.8
Dodging        | 2 |  2.7
Stealth        | 6 |  6.1
Fighting       | 3 |  3.0
Throwing       | |  2.1

Action                     |  1- 3 |  4- 6 || total
---------------------------+-------+-------++-------
  Melee: Dagger            |    60 |    45 ||   105
         Punch             |       |     1 ||     1
   Stab: Sleeping          |    15 |     2 ||    17
 Armour: Robe              |     6 |     7 ||    13
  Dodge: Dodged            |    26 |    37 ||    63

Table legend: (Time is in decaauts)
 A = Elapsed time spent in this place.
 B = Non-inter-level travel time spent in this place.
 C = Inter-level travel time spent in this place.
 D = Time resting spent in this place.
 E = Time spent auto-exploring this place.
 F = Levels seen in this place.
 G = Mean time per level.
                   A        B        C        D        E       F      G
               +--------+--------+--------+--------+--------+-----+--------+
         Total |   1549 |   1516 |     33 |    139 |   1149 |   2 |  774.5 |
       Dungeon |   1549 |   1516 |     33 |    139 |   1149 |   2 |  774.5 |
               +--------+--------+--------+--------+--------+-----+--------+

Top non-repeatable levels by time:
     D:1: 1046 daAuts
     D:2: 503 daAuts
